 Dungeon Sprint DCSS version 0.19.0-19-g8c6edcc (webtiles) character file.

448 poirepourri the Basher (level 7, -7/70 HPs)
             Began as a Gargoyle Gladiator on Nov 12, 2016.
             Was an Initiate of Cheibriados (penitent).
             Mangled by a deep troll (14 damage)
             ... in the Dungeon (Sprint I: "Red Sonja").
             The game lasted 00:01:58 (1367 turns).

poirepourri the Basher (Gargoyle Gladiator)         Turns: 1367, Time: 00:01:59

Health: -7/70      AC:  9    Str: 25    XL:     7   Next: 4%
Magic:  7/7        EV: 14    Int:  8    God:    Cheibriados [*]
Gold:   405        SH:  0    Dex: 11    Spells: 0 memorised, 6 levels left

rFire  . . .     SeeInvis .     a - +0 flail
rCold  . . .     Gourm    .     b - +0 leather armour
rNeg   + . .     Faith    .     (no shield)
rPois  ∞         Spirit   .     c - +0 helmet
rElec  +         Reflect  .     (no cloak)
rCorr  .         Harm     .     (no gloves)
MR     .....     NoTele   +     (no boots)
Stlth  ..........               (no amulet)
                                (no ring)
                                (no ring)

@: berserking, slow
A: negative energy resistance 1, electricity resistance, unbreathing,
petrification resistance, rot immunity, AC +4
a: Renounce Religion


You were in the Dungeon.
You worshipped Cheibriados.
Cheibriados was demanding penance.
You were not hungry.

You visited 1 branch You collected 405 gold pieces.

Inventory:

Hand Weapons
 a - a +0 flail (weapon)
Missiles
 d - a tomahawk (quivered)
Armour
 b - a +0 leather armour (worn)
 c - a +0 helmet (worn)
Scrolls
 k - a scroll of blinking
Potions
 e - a potion of curing
 g - a potion of heal wounds
 h - a potion of haste
 i - 2 potions of magic


   Skills:
 + Level 6.7 Fighting
 + Level 10.3 Maces & Flails
 + Level 4.1 Throwing
 + Level 3.4 Armour
 + Level 6.3 Dodging


You had 6 spell levels left.
You didn't know any spells.

Dungeon Overview and Level Annotations

Branches:
Dungeon (1/1)

Altars:
Cheibriados
Dithmenos
Elyvilon
Fedhas
Gozag
Hepliaklqana
Kikubaaqudgha
Nemelex Xobeh
Okawaru
Qazlal
Ru
Sif Muna
Trog
Uskayaw
Vehumet
Yredelemnul
Zin
The Shining One

Shops:
D [:

Annotations:
D Sonja


Innate Abilities, Weirdness & Mutations

You are resistant to torment.
Your stone body is resilient. (AC +4)
You are immune to poison.
You resist negative energy. (rN+)
You are resistant to electric shocks. (rElec)
You can survive without breathing.
You are immune to petrification.
You are immune to rotting.


Message History

You barely miss the deep troll.
The deep troll is moderately wounded.
You sock the deep troll!
The deep troll is heavily wounded.
The deep troll barely misses you. The deep troll claws you! x2
You barely miss the deep troll.
The deep troll is heavily wounded.
The deep troll bites you but does no damage.
The deep troll closely misses you. The deep troll claws you.
You closely miss the deep troll.
The deep troll is heavily wounded.
The deep troll bites you!!
* * * LOW HITPOINT WARNING * * *
The deep troll claws you.
* * * LOW HITPOINT WARNING * * *
The deep troll claws you but does no damage.
You hit the deep troll.
The deep troll is heavily wounded.
The deep troll bites you!
You die...

#..#####'#####'#
#..####..#...#[#
#..#__####..##.#
#..#_____##(#..+
#⌠⌠#_.∩...'.(._#
####_..__##_(#'#
#_____###'#)#
############.####+###
#∩........'..@T$$.$(+
###++++####...#######
##.## #+#


You could see a deep troll.

Vanquished Creatures
  Sigmund (D)
  A yak (D)
  An ogre (D)
  A jelly (D)
  Ijyb (D)
5 creatures vanquished.

Notes
Turn   | Place    | Note
-------+----------+-------------------------------------------
     0 | D        | poirepourri the Gargoyle Gladiator began the quest for the Orb.
     0 | D        | Reached XP level 1. HP: 12/12 MP: 1/1
     2 | D        | Noticed Ijyb
    23 | D        | Killed Ijyb
    23 | D        | Reached skill level 4 in Maces & Flails
    23 | D        | Reached XP level 2. HP: 6/19 MP: 2/2
    23 | D        | Reached XP level 3. HP: 7/23 MP: 3/3
   287 | D        | Noticed an ogre
   301 | D        | Killed an ogre
   301 | D        | Reached skill level 6 in Maces & Flails
   301 | D        | Reached skill level 1 in Armour
   301 | D        | Reached XP level 4. HP: 10/30 MP: 4/4
   301 | D        | Reached XP level 5. HP: 12/34 MP: 5/5
   552 | D        | Noticed Sigmund
   576 | D        | Killed Sigmund
   576 | D        | Reached skill level 5 in Fighting
   576 | D        | Reached skill level 9 in Maces & Flails
   576 | D        | Reached skill level 5 in Dodging
   576 | D        | Reached XP level 6. HP: 29/40 MP: 6/6
   700 | D        | Found a deep blue altar of Sif Muna.
   702 | D        | Found a radiant altar of Vehumet.
   856 | D        | Found Ujus's Book Emporium.
   856 | D        | Found an ancient bone altar of Kikubaaqudgha.
   856 | D        | Found a hazy altar of Hepliaklqana.
   856 | D        | Found a stormy altar of Qazlal.
   856 | D        | Found a hide-covered altar of Uskayaw.
   856 | D        | Found a blossoming altar of Fedhas.
   856 | D        | Found a bloodstained altar of Trog.
   856 | D        | Found an iron altar of Okawaru.
   856 | D        | Found a basalt altar of Yredelemnul.
   856 | D        | Found a glowing golden altar of the Shining One.
   856 | D        | Found a snail-covered altar of Cheibriados.
   856 | D        | Found a sacrificial altar of Ru.
   856 | D        | Found a glowing silver altar of Zin.
   856 | D        | Found a shadowy altar of Dithmenos.
   856 | D        | Found a white marble altar of Elyvilon.
   856 | D        | Noticed a yak
   869 | D        | Killed a yak
   869 | D        | Reached skill level 10 in Maces & Flails
   869 | D        | Reached XP level 7. HP: 17/47 MP: 7/7
   870 | D        | Found an opulent altar of Gozag.
   872 | D        | Found a sparkling altar of Nemelex Xobeh.
  1094 | D        | Became a worshipper of Cheibriados the Contemplative
  1104 | D        | Noticed Sonja
  1338 | D        | Found Feazouh's Armour Boutique.
  1358 | D        | Noticed a deep troll
  1360 | D        | Was placed under penance by Cheibriados
  1367 | D        | Mangled by a deep troll

Skill      XL: |  1  2  3  4  5  6 |
---------------+-------------------+-----
Fighting       | 3 4 5 6 |  6.7
Maces & Flails | 4 6 9 10 | 10.3
Throwing       | 2 3 4 |  4.1
Dodging        | 3 4 5 6 |  6.3
Armour         | 1 2 3 |  3.4

Action                   |  1- 3 |  4- 6 |  7- 9 || total
-------------------------+-------+-------+-------++-------
Melee: Flail             |    30 |    26 |    31 ||    87
Throw: Throwing net      |     3 |     2 |       ||     5
       Tomahawk          |       |     1 |     3 ||     4
  Use: Potion            |       |       |     1 ||     1
 Stab: Held in net/web   |     1 |       |       ||     1
  Eat: Bread ration      |       |       |     1 ||     1
Armor: Leather armour    |     9 |     3 |    30 ||    42
Dodge: Dodged            |    13 |    10 |    45 ||    68
